 Dungeon Crawl Stone Soup version 0.27-a0-1188-g73eefd5def (webtiles) character file.

Game seed: 15679852654994600359

23 chippings the Chopper (level 2, -6/23 HPs)
             Began as a Mummy Gladiator on May 20, 2021.
             Was a Believer of Jiyva.
             Mangled by a gnoll
             ... wielding a +0 flail
              (9 damage)
             ... on level 1 of the Dungeon.
             The game lasted 00:01:10 (999 turns).

chippings the Chopper (Mummy Gladiator)              Turns: 999, Time: 00:01:10

Health: -6/23      AC:  4    Str: 16    XL:     2   Next: 72%
Magic:  1/2        EV: 12    Int:  7    God:    Jiyva [**....]
Gold:   37         SH:  0    Dex: 14    Spells: 1/1 levels left

rFire    x . .     SeeInvis .   a - +0 war axe
rCold    + . .     Faith    .   (no shield)
rNeg     + + +     Spirit   .   b - +0 leather armour
rPois    ∞         Reflect  .   c - +0 helmet
rElec    .         Harm     .   (no cloak)
rCorr    .         Rampage  .   (no gloves)
Will     .....                  (no boots)
Stlth    +.........             (no amulet)
HPRegen  0.07/turn              (no ring)
MPRegen  0.08/turn              (no ring)

@: no status effects
A: cold resistance 1, negative energy resistance 3, torment resistance 2, heat
vulnerability 1, no potions
a: Renounce Religion, Request Jelly


You were on level 1 of the Dungeon.
You worshipped Jiyva.
Jiyva was pleased with you.
You visited 1 branch of the dungeon, and saw 2 of its levels.

You collected 37 gold pieces.

Inventory:

Hand Weapons
 a - a +0 war axe (weapon)
Missiles
 d - 3 throwing nets (quivered)
Armour
 b - a +0 leather armour (worn)
 c - a +0 helmet (worn)
Scrolls
 e - a scroll of identify {unknown}
 f - a scroll of fog {unknown}


   Skills:
 + Level 2.4 Fighting
 * Level 3.1 Axes
 - Level 1.5 Throwing
 - Level 2.4 Dodging


You had one spell level left.
You didn't know any spells.
Your spell library was empty.

Dungeon Overview and Level Annotations

Branches:
Dungeon (2/15)

Altars:
Jiyva


Innate Abilities, Weirdness & Mutations

You are immune to poison.
Your flesh is cold resistant. (rC+)
You are immune to negative energy. (rN+++)
You are immune to unholy pain and torment.
You are vulnerable to heat. (rF-)
You do not drink.


Message History

You hear a distant slurping noise.
You hear a distant slurping noise.
Jiyva appreciates your sacrifice.
You hear a squelching noise.
You hear a distant slurping noise.
Jiyva appreciates your sacrifice.
You hear a distant slurping noise.
Jiyva appreciates your sacrifice.
You hear a distant slurping noise.
You hear a distant slurping noise. x2; You hear a squelching noise.
You now have 37 gold pieces (gained 12).
You hear a distant slurping noise.
A gnoll comes into view. It is wielding a +0 flail.
A gnoll comes into view. It is wielding a +0 flail.
The gnoll shouts! x2; You hear a shout! x2
A gnoll comes into view. It is wielding a +0 club.
You hit the gnoll but do no damage. The gnoll closely misses you.
A gnoll comes into view. It is wielding a +0 spear.
The gnoll barely misses you.
You hit the gnoll.
The gnoll is lightly wounded.
The gnoll hits you with a +0 flail!
You hit the gnoll.
The gnoll is heavily wounded.
The gnoll hits you with a +0 flail!
* * * LOW HITPOINT WARNING * * *
You barely miss the gnoll.
The gnoll is heavily wounded.
The gnoll hits you with a +0 flail.
* * * LOW HITPOINT WARNING * * *
Found 11 gold pieces.
The gnoll barely misses you.
You feel a bit more experienced.
You hear a distant slurping noise.
Jiyva appreciates your sacrifice.
There is a stone staircase leading up here.
You hear a distant slurping noise.
You climb upwards.
There is a stone staircase leading down here.
The gnoll hits you with a +0 flail!
You die...

#.....### #....#...
#.....######..#.....
######.........#.....
#.........###.##.....
#.........###.##.#.##
#.....>..............
#..............#J....
#....g....####.######
#...@.....# #......##
#.........###.'#≈≈##.
#..J..........#....#.
#.............≈....≈.
#.....J.......≈.<⌠.≈.
###...###.....≈....≈.
#...#.......#....#.
#...#......###≈≈###
#...#......#.....#.


You could see a gnoll, a neutral jelly (wandering) (fellow slime) and a neutral
endoplasm (wandering) (fellow slime).

Vanquished Creatures
  A ball python (D:1)
  2 endoplasms (D:1)
  A giant cockroach (D:2)
  5 hobgoblins
  2 frilled lizards
  3 kobolds
  2 rats
16 creatures vanquished.

Vanquished Creatures (others)
  2 jellies (D:2)
  3 gnolls (D:2)
  A dart slug (D:1)
  3 goblins (D:1)
  2 hobgoblins (D:2)
  4 jackals (D:1)
  3 kobolds (D:1)
  4 ball pythons
  A bat (D:2)
  2 frilled lizards
  A rat (D:1)
26 creatures vanquished.

Grand Total: 42 creatures vanquished

Notes
Turn   | Place    | Note
-------+----------+-------------------------------------------
     0 | D:1      | chippings the Mummy Gladiator began the quest for the Orb.
     0 | D:1      | Reached XP level 1. HP: 16/16 MP: 1/1
   323 | D:1      | Found a faded altar of an unknown god.
   332 | D:1      | Reached XP level 2. HP: 13/22 MP: 2/2
   333 | D:1      | Became a worshipper of Jiyva Jilewecs the Shapeless
   333 | D:1      | Reached * piety under Jiyva
   558 | D:1      | Reached ** piety under Jiyva
   813 | D:2      | Reached skill level 3 in Axes
   970 | D:2      | HP: 1/23 [gnoll/+0 flail (4)]
   999 | D:1      | Mangled by a gnoll

Illustrated notes

Levels and vault maps discovered:
D:1:      dpeg_arrival_rooms_with_view, layout_basic, basic_ecumenical_altar
D:2:      layout_loops_ring

Skill      XL: |  1  2 |
---------------+-------+-----
Axes           | 3 |  3.1
Fighting       | |  2.4
Throwing       | |  1.5
Dodging        | |  2.4

Action                   || total
-------------------------++-------
Melee: War axe           ||    39
Invok: Request Jelly     ||     1
Armor: Leather armour    ||    20
Dodge: Dodged            ||    29

Table legend: (Time is in decaauts)
 A = Elapsed time spent in this place.
 B = Non-inter-level travel time spent in this place.
 C = Inter-level travel time spent in this place.
 D = Time resting spent in this place.
 E = Time spent auto-exploring this place.
 F = Levels seen in this place.
 G = Mean time per level.
                   A        B        C        D        E       F      G
               +--------+--------+--------+--------+--------+-----+--------+
         Total |   1013 |    989 |     24 |      0 |    755 |   2 |  506.5 |
       Dungeon |   1013 |    989 |     24 |      0 |    755 |   2 |  506.5 |
               +--------+--------+--------+--------+--------+-----+--------+

Top non-repeatable levels by time:
     D:1: 785 daAuts
     D:2: 227 daAuts
